 Dungeon Crawl Stone Soup version 0.31-a0-175-g9f7f995f2b (webtiles) character file.

Game seed: 862650682108294858

292 qw the Shooter (level 6, 0/39 HPs)
             Began as a Gargoyle Hunter on June 16, 2023.
             Slain by Edmund
             ... wielding a +3 dire flail of protection
              (2 damage)
             ... on level 4 of the Dungeon.
             The game lasted 00:00:59 (2508 turns).

qw the Shooter (Gargoyle Hunter)                    Turns: 2508, Time: 00:00:59

Health: 0/39       AC: 11    Str: 14    XL:     6   Next: 33%
Magic:  6/6        EV: 10    Int: 10    God:
Gold:   165        SH:  0    Dex: 15    Spells: 5/5 levels left

rFire   . . .        Y - +2 shortbow
rCold   . . .        (shield currently unavailable)
rNeg    + . .        e - +0 ring mail
rPois   inf          f - +0 helmet
rElec   +            (no cloak)
rCorr   .            b - +0 pair of gloves {hurl}
SInv    .            (no boots)
Will    .....        (no amulet)
Stlth   +            (no ring)
HPRegen 0.26/turn    (no ring)
MPRegen 0.10/turn

%: no passive effects
@: no status effects
A: sickness immunity, AC +4, negative energy resistance 1, electricity
resistance, torment resistance 1, petrification resistance
a: no special abilities


You were on level 4 of the Dungeon.
You visited 1 branch of the dungeon, and saw 4 of its levels.

You collected 165 gold pieces.


Innate Abilities, Weirdness & Mutations

You are immune to sickness and miasma.
Your stone body is resilient. (AC +4)
You are immune to poison.
You resist negative energy. (rN+)
You are resistant to electric shocks. (rElec)
You are resistant to unholy torment.
You are immune to petrification.


   Skills:
 - Level 4.6 Fighting
 + Level 6.2 Ranged Weapons
 - Level 1.0 Armour
 - Level 1.5 Dodging
 - Level 1.1 Stealth


You had 5 spell levels left.
You didn't know any spells.
Your spell library was empty.

Inventory:

Hand Weapons
 Y - a +2 shortbow (weapon)
Armour
 b - a +0 pair of gloves of hurling (worn)
 e - a +0 ring mail (worn)
 f - a +0 helmet (worn)
Jewellery
 c - a ring of fire
Scrolls
 g - 3 scrolls of identify
Potions
 d - 2 potions of curing

Dungeon Overview and Level Annotations

Branches:
Dungeon (4/15)
 Temple: D:4-7

Altars:
Fedhas
Wu Jian

Shops:
D:2 (

Annotations:
D:4 Edmund


Message History

The arrow hits Edmund but does no damage.
Edmund is moderately wounded.
Edmund hits you with a +3 dire flail of protection.
You shoot an arrow.
The arrow hits Edmund but does no damage.
Edmund is moderately wounded.
Edmund hits you with a +3 dire flail of protection!
You shoot an arrow. The arrow hits Edmund!
Edmund is heavily wounded.
Edmund barely misses you.
You shoot an arrow. The arrow hits Edmund.
Edmund is heavily wounded.
Edmund says, "People accused me of being a cutpurse!"
Edmund barely misses you.
You shoot an arrow.
The arrow hits Edmund but does no damage.
Edmund is heavily wounded.
Edmund hits you with a +3 dire flail of protection!
Edmund closely misses you.
You shoot an arrow. The arrow hits Edmund!
Edmund is severely wounded.
Edmund hits you with a +3 dire flail of protection.
You shoot an arrow. The arrow hits Edmund.
Edmund is severely wounded.
Edmund closely misses you.
You shoot an arrow. The arrow hits Edmund.
Edmund is almost dead.
Edmund hits you with a +3 dire flail of protection!
You shoot an arrow.
The arrow hits Edmund but does no damage.
Edmund is almost dead.
Edmund hits you but does no damage.
You shoot an arrow.
The arrow hits Edmund but does no damage.
Edmund is almost dead.
Edmund hits you with a +3 dire flail of protection. x2
You shoot an arrow. The arrow hits Edmund.
Edmund is almost dead.
Edmund hits you with a +3 dire flail of protection.
You die...

###.# #.#####.# ..##
....###.#####.# .#.##
####.......##.### ....##
.....##.##......##.....#
#######.#####.#.#.(.....
# #.......#.#......# #
#########.%.....# #
##......# # #.@###.... #
#.@# ##. # #... # #.#..
# .. ... # ##. ..## #.
.## #. ..


You could see Edmund.

Vanquished Creatures
  A phantom (D:4)
  A jelly (D:4)
  A hound (D:4)
  A sleepcap (D:4)
  Jessica (D:2)
  A gnoll (D:1)
  3 adders
  A worm (D:2)
  3 dart slugs
  3 ball pythons
  6 endoplasms
  3 giant cockroaches
  6 goblins
  6 hobgoblins
  3 jackals (D:1)
  A quokka (D:2)
  6 bats
  5 frilled lizards
  4 kobolds
  4 rats
60 creatures vanquished.

Notes
Turn   | Place    | Note
-------+----------+-------------------------------------------
     0 | D:1      | qw the Gargoyle Hunter began the quest for the Orb.
     0 | D:1      | Reached XP level 1. HP: 12/12 MP: 1/1
     0 | D:1      | 0 ||| qw: Version: 0.2-a-29-g511e9b1
     0 | D:1      | 0 ||| qw: Game counter: 5883
     0 | D:1      | 0 ||| qw: Always use a shield: true
     0 | D:1      | 0 ||| qw: God list: Okawaru
     0 | D:1      | 0 ||| qw: Allow faded altars: false
     0 | D:1      | 0 ||| qw: Do Orc after D:15 true
     0 | D:1      | 0 ||| qw: Do second Lair branch before Depths: true
     0 | D:1      | 0 ||| qw: Lair rune preference: random
     0 | D:1      | 0 ||| qw: Plans: Normal, Zot:1-4, Slime:5, God:TSO, Crypt,
                  | Tomb, Abyss, Pan, Hells, Win
     0 | D:1      | 0 ||| PLANNING D:1-11
     6 | D:1      | Found a faded altar of an unknown god.
    49 | D:1      | Reached XP level 2. HP: 10/17 MP: 2/2
   413 | D:1      | Reached XP level 3. HP: 21/21 MP: 3/3
   444 | D:1      | Reached skill level 5 in Ranged Weapons
   672 | D:1      | 672 ||| UPGRADING to +0 ring mail.
   682 | D:1      | 682 ||| DROPPING +0 leather armour.
   683 | D:1      | 683 ||| READING scroll labelled COANIF RUIXT.
   684 | D:1      | 684 ||| DROPPING scroll of butterflies.
   918 | D:2      | Reached skill level 1 in Armour
  1000 | D:2      | Reached XP level 4. HP: 26/27 MP: 4/4
  1119 | D:2      | Reached skill level 3 in Fighting
  1294 | D:2      | Noticed Jessica
  1297 | D:2      | Killed Jessica
  1306 | D:2      | Found Riofraen's Antique Weapon Boutique.
  1314 | D:2      | 1314 ||| SHOPLISTING fine shortbow (160 gold, have 51).
  1314 | D:2      | 1314 ||| SHOPLISTING runed sling (90 gold, have 51).
  1545 | D:2      | 1545 ||| UPGRADING to +0 pair of gloves of hurling.
  1550 | D:2      | 1550 ||| READING scroll labelled XIUHIUF HEUQA.
  1551 | D:2      | 1551 ||| READING scroll labelled FOCSIDIUMEI.
  1552 | D:2      | 1552 ||| READING scroll labelled REDAROU JAIFFE.
  1653 | D:2      | 1653 ||| READING scroll labelled HOEPSO ERHUFEO.
  1654 | D:2      | 1654 ||| READING 2 scrolls of identify.
  1654 | D:2      | 1654 ||| IDENTIFYING ruby potion
  1909 | D:3      | Reached XP level 5. HP: 32/32 MP: 5/5
  1933 | D:3      | 1933 ||| READING scroll of enchant weapon.
  1933 | D:3      | 1933 ||| ENCHANTING +1 shortbow.
  1995 | D:3      | Found an ornate altar of the Wu Jian Council.
  2117 | D:3      | 2117 ||| UPGRADING to +0 helmet.
  2122 | D:3      | 2122 ||| READING scroll labelled ITHRUZX UDUPT.
  2161 | D:4      | Found a blossoming altar of Fedhas.
  2309 | D:4      | Identified the staff of fire "Cuonidyl" {rF+ Str+3}
  2373 | D:4      | Reached skill level 6 in Ranged Weapons
  2468 | D:4      | Noticed a phantom
  2476 | D:4      | Killed a phantom
  2477 | D:4      | Reached XP level 6. HP: 39/39 MP: 6/6
  2489 | D:4      | Noticed Edmund
  2505 | D:4      | HP: 9/39 [Edmund/+3 dire flail of protection (7)]
  2507 | D:4      | HP: 2/39 [Edmund/+3 dire flail of protection (3)]
  2508 | D:4      | Slain by Edmund

Levels and vault maps discovered:
D:1:      minmay_arrival_stone_box, layout_basic, ebering_ecumenical_altar_mist,
          chequers_serial_rivers_small_a
D:2:      layout_basic, serial_shops, nicolae_shop_trees, uniq_jessica
D:3:      layout_rooms, nicolae_overflow_crystal_walls
D:4:      layout_loops_ring, fedhas_ov_isle_minmay,
          minmay_temple_entry_gardened_gates, uniq_edmund

Skill      XL: |  1  2  3  4  5 |
---------------+----------------+-----
Ranged Weapons | 5 6 |  6.2
Armour         | 1 |  1.0
Fighting       | 3 4 |  4.6
Dodging        | |  1.5
Stealth        | |  1.1

Action                     |  1- 3 |  4- 6 || total
---------------------------+-------+-------++-------
   Fire: Shortbow          |   100 |   116 ||   216
    Use: Scroll            |     1 |     7 ||     8
 Armour: Leather armour    |     7 |       ||     7
         Ring mail         |     3 |    24 ||    27
  Dodge: Dodged            |    17 |    34 ||    51

Table legend:
 A = Non-vault XP
 B = Vault XP
 C = Vault XP percentage of total XP
 D = Non-vault monster count
 E = Vault monster count
 F = Vault count percentage of total count
                 A         B        C        D         E       F
            +---------+---------+-------+---------+---------+-------
      Total |     381 |      37 |   8.9 |      59 |       1 |   1.7
            +---------+---------+-------+---------+---------+-------
        D:1 |      49 |       0 |   0.0 |      23 |       0 |   0.0
        D:2 |      57 |      37 |  39.4 |      17 |       1 |   5.6
        D:3 |      38 |       0 |   0.0 |      13 |       0 |   0.0
        D:4 |     237 |       0 |   0.0 |       6 |       0 |   0.0
            +---------+---------+-------+---------+---------+-------
